 Dungeon Crawl Stone Soup version 0.16.1-4-g8e1b745 (webtiles) character file.

21 hcnick2 the Magician (level 2, -2/15 HPs)
             Began as a Deep Elf Wizard on Mar 26, 2015.
             Slain by an iguana (10 damage)
             ... on level 1 of the Dungeon.
             The game lasted 00:03:56 (1298 turns).

hcnick2 the Magician (Deep Elf Wizard)              Turns: 1298, Time: 00:03:57

Health: -2/15      AC:  3    Str:  4    XL:     2   Next: 62%
Magic:  7/11       EV: 13    Int: 22    God:
Gold:   93         SH:  0    Dex: 13    Spells: 4 memorised, 4 levels left

rFire  . . .     SeeInvis .     m - +1 dagger (venom)
rCold  + . .     Clarity  .     a - +0 robe
rNeg   . . .     SustAb   .     (no shield)
rPois  .         Gourm    .     k - +0 helmet
rElec  .         Spirit   .     (no cloak)
rCorr  .         Warding  .     (no gloves)
rMut   .         Stasis   .     (no boots)
MR     .....                    h - amulet of rage
Stlth  ++........               (no ring)
                                e - ring of protection from cold

@: very slightly contaminated, repel missiles, not resistant to hostile
enchantments, unstealthy
A: no striking features
a: Evoke Berserk Rage


You were on level 1 of the Dungeon.
You were hungry.

You visited 1 branch of the dungeon, and saw 2 of its levels.

You collected 93 gold pieces.

Inventory:

Hand weapons
 g - a +0 club
 m - a +1 dagger of venom (weapon)
Armour
 a - a +0 robe (worn)
 b - a +0 hat
 k - a +0 helmet (worn)
Jewellery
 e - a ring of protection from cold (left hand)
 h - an amulet of rage (around neck)
Scrolls
 j - 6 scrolls of identify {unknown}
 l - a scroll of noise {unknown}
 o - a scroll of teleportation {unknown}
 p - a scroll of fog {unknown}
Potions
 i - a potion of heal wounds {unknown}
 q - 2 potions of brilliance {unknown}
Books
 c - a book of Minor Magic

   Spells                             Type                      Level
   a - Magic Dart                     Conjuration                  1
   b - Blink                          Translocation                2
   c - Call Imp                       Summoning                    2
   d - Repel Missiles                 Charms/Air                   2
   e - Slow                           Hexes                        2
   f - Conjure Flame                  Conjuration/Fire             3
   g - Mephitic Cloud                 Conjuration/Poison/Air       3
Comestibles
 d - 2 bread rations
 f - a slice of pizza
 n - a meat ration


   Skills:
 + Level 2.8 Dodging
 - Level 2.5 Stealth
 * Level 5.0 Spellcasting
 + Level 1.5 Conjurations
 - Level 1.1 Summonings
 - Level 1.1 Translocations


You had 4 spell levels left.
You knew the following spells:

 Your Spells              Type           Power        Failure   Level  Hunger
a - Magic Dart            Conj           ##..         8%          1    None
b - Call Imp              Summ           ##......     12%         2    None
c - Blink                 Tloc           N/A          12%         2    None
d - Repel Missiles        Chrm/Air       #.....       17%         2    None


Dungeon Overview and Level Annotations

Branches:
Dungeon (2/15)

Altars:


Message History

Press: ? - help, Shift-Dir - straight line, f - iguana
Aim: an iguana (hasn't noticed you)
You miscast Magic Dart.
You are very lightly contaminated with residual magic.
Strange energies run through your body.
The iguana hisses angrily.
You hit the iguana but do no damage. The iguana bites you!
The iguana hisses menacingly.
Casting: Magic Dart
Confirm with . or Enter, or press ? or * to list all spells.
Okay, then.
Casting: Magic Dart
Confirm with . or Enter, or press ? or * to list all spells.
You blink.
The iguana misses you.
Casting: Blink
Confirm with . or Enter, or press ? or * to list all spells.
A beastly little devil appears in a puff of flame.
The iguana bites you!
Ouch! That really hurt!
You die...

......#.#.#.#.....##.#....#≈≈≈≈≈≈
#######.#.#.#.....##.#....#§≈≈≈≈§
#.#.#.#.....##.#....#§≈≈§≈≈
####.#.#.#.....##†#....#≈§≈...
#....#.#.#.....##.#....#§≈.§..
#......#.......##.#....#§.....
####...######.######.#.[..###..8.
..............######.#....#K#....
.###...#####....@l§..#....#######
.# ##### #....5..........##....
.# #..#########....##.... .#
#..........##....###.. ##
#.########.##......##'
#.....................
###.........##.#......
#.....)...##.#######
#.........##.#######


You could see an iguana and a friendly crimson imp.

Vanquished Creatures
  A giant gecko (D:1)
  An ooze (D:1)
  A ball python (D:1)
  A giant cockroach (D:1)
  3 goblins (D:1)
  2 hobgoblins (D:1)
  3 bats (D:1)
  3 giant newts (D:1)
  2 kobolds
  A rat (D:1)
18 creatures vanquished.

Notes
Turn   | Place    | Note
--------------------------------------------------------------
     0 | D:1      | hcnick2, the Deep Elf Wizard, began the quest for the Orb.
     0 | D:1      | Reached XP level 1. HP: 10/10 MP: 6/6
   325 | D:1      | Reached XP level 2. HP: 15/15 MP: 2/10
   329 | D:1      | Learned a level 2 spell: Call Imp
   332 | D:1      | Learned a level 2 spell: Blink
   335 | D:1      | Learned a level 2 spell: Repel Missiles
   734 | D:1      | Reached skill level 5 in Spellcasting
  1101 | D:1      | You fall through a shaft!
  1298 | D:1      | Slain by an iguana

Action                   || total
-------------------------++-------
Melee: Unarmed           ||     2
       Dagger            ||     3
 Cast: Magic Dart        ||    51
       Call Imp          ||     2
       Blink             ||     1
       Repel Missiles    ||     1
